 Dungeon Crawl Stone Soup version 0.14-a0-1444-g21dc12d (webtiles) character file.

1652 PolkaDot the Conjurer (level 8, -12/52 HPs)
             Began as a Vampire Conjurer on Dec 13, 2013.
             Was a Believer of Sif Muna.
             Mangled by an orc warrior
             ... wielding a +0,+0 orcish hand axe of flaming
              (13 damage)
             ... on Level 7 of the Dungeon.
             The game lasted 00:35:21 (6684 turns).

PolkaDot the Conjurer (Vampire Conjurer)            Turns: 6684, Time: 00:35:22

HP -12/52        AC  6     Str  7      XL: 8   Next: 36%
MP  12/16        EV 12     Int 22      God: Sif Muna [**....]
Gold 306         SH  0     Dex 14      Spells:  3 memorised,  6 levels left

rFire  . . .     SeeInvis +     A - +4,+7 dagger of Xecishus {venom, SInv Stlth+}
rCold  . . .     Clarity  .     a - +0 robe
rNeg   + . .     Conserve .     (no shield)
rPois  .         rCorr    .     u - +2 helmet {Int+3}
rElec  .         rRot     .     (no cloak)
SustAb . .       Spirit   .     (no gloves)
rMut   .         Warding  .     j - +0 pair of boots
Saprov . . .     Stasis   .     t - amulet of inaccuracy {unknown}
                                w - ring of protection from magic
                                n - ring of protection from magic

@: very resistant to hostile enchantments, quite stealthy
A: bottle blood, fangs 3, see invisible, unbreathing
a: Bat Form, Bottle Blood, Channel Energy, Forget Spell, Renounce Religion


You were on level 7 of the Dungeon.
You worshipped Sif Muna.
Sif Muna was pleased with you.
You were not thirsty.

You visited 2 branches of the dungeon, and saw 8 of its levels.

You collected 306 gold pieces.

Inventory:

Hand weapons
 d - a +2,+2 whip of freezing
 A - the +4,+7 dagger of Xecishus (weapon) {venom, SInv Stlth+}
   (You found it on level 6 of the Dungeon)

   It poisons the flesh of those it strikes.
   It enhances your eyesight.
   It makes you much more stealthy.
Armour
 a - a +0 robe (worn)
 j - a +0 pair of boots (worn)
 u - a +2 helmet of intelligence (worn)
Magical devices
 o - a wand of invisibility (3)
 B - a wand of slowing (14)
Scrolls
 e - a scroll of amnesia {unknown}
 f - a scroll of blinking {unknown}
 g - 2 scrolls of fear
 h - 2 scrolls of recharging {unknown}
 k - 4 scrolls of remove curse {unknown}
 l - a scroll of random uselessness {unknown}
 m - a scroll of curse jewellery {unknown}
 v - a scroll of enchant weapon II {unknown}
 x - a scroll of immolation {unknown}
 y - a scroll of silence {unknown}
 z - a scroll of teleportation {unknown}
 D - a scroll of curse weapon {unknown}
Jewellery
 n - a ring of protection from magic (left hand)
 t - an amulet of inaccuracy (around neck) {unknown}
 w - a ring of protection from magic (right hand)
Potions
 b - a potion of agility
 i - a potion of brilliance
 q - a potion of restore abilities
 r - a potion of might
 C - a potion of degeneration {unknown}
Books
 c - a book of Conjurations

   Spells                             Type                      Level
   *Magic Dart                        Conjuration                  1
   *Searing Ray                       Conjuration                  2
   Dazzling Spray                     Conjuration/Hexes            3
   *Iskenderun's Mystic Blast         Conjuration                  4
   Iskenderun's Battlesphere          Conjuration/Charms           4
   Fulminant Prism                    Conjuration/Hexes            5


   Skills:
 - Level 2.1 Dodging
 - Level 3.0 Stealth
 - Level 3.1 Spellcasting
 * Level 8.2 Conjurations


You had 6 spell levels left.
You knew the following spells:

 Your Spells              Type           Power        Failure   Level  Hunger
a - Magic Dart            Conj           ####         1%          1    None
d - Iskenderun's Mystic   Conj           #####...     4%          4    ####...
s - Searing Ray           Conj           #####.       1%          2    ##.....


Dungeon Overview and Level Annotations

Branches:
Dungeon (7/16)             Temple (1/1) D:5

Altars:
Ashenzari
Cheibriados
Elyvilon
Fedhas
Kikubaaqudgha
Makhleb
Okawaru
Sif Muna
Trog
Xom
Yredelemnul
Zin
the Shining One

Shops:
D:7 /


Innate Abilities, Weirdness & Mutations

You can bottle blood from corpses.
You have razor-sharp teeth.*
You have supernaturally acute eyesight.
You can survive without breathing.*


Message History

The orc warrior burns you.
You hit the orc warrior but do no damage.
You bite the orc warrior, but do no damage.
The orc warrior is severely wounded.
The orc warrior hits you with an orcish hand axe of flaming!
The orc warrior burns you.
* * * LOW HITPOINT WARNING * * *
Unknown command.
Drink which item? (? for menu, Esc to quit)
You feel better.
Drink which item? (? for menu, Esc to quit)
You feel better.
The orc warrior hits you with an orcish hand axe of flaming!
The orc warrior burns you.
* * * LOW HITPOINT WARNING * * *
The orc priest invokes the aid of Beogh against you.
Something smites you!
* * * LOW HITPOINT WARNING * * *
The orc warrior hits you with an orcish hand axe of flaming!
You die...

######### #.......#
#.#####.# ######
##.#####.# #.o@.#
#.....##.#
#o##.######..##....#
#%##...............#
####o##############...#
#...o..#############.##
#.##.#.o..∩..#.......#
..
...#o......#.#####.##
#.#.####.......#
###...# # # #.o.....#
#.....#


You could see an orc warrior and an orc wizard.

Vanquished Creatures
  2 phantoms
  2 sky beasts (D:5)
  Sigmund (D:5)
  A giant frog (D:7)
  2 eyes of draining (D:4)
  3 crimson imps
  4 wights (D:6)
  A hound (D:6)
  An orc priest (D:4)
  An orc wizard (D:5)
  3 worker ants
  A scorpion (D:5)
  Ijyb (D:3)
  4 gnolls (D:3)
  2 giant mites
  11 adders
  A goliath beetle zombie (D:7)
  A worm (D:2)
  An adder zombie (D:7)
  An adder skeleton (D:4)
  A giant eyeball (D:6)
  6 giant geckos
  10 orcs
  2 ball pythons
  10 hobgoblins
  A quokka (D:3)
  8 bats
  7 giant cockroaches
  6 giant newts
  A giant newt zombie (D:5)
  12 goblins
  A hobgoblin skeleton (D:4)
  18 kobolds
  18 rats
  A rat skeleton (D:5)
146 creatures vanquished.

Notes
Turn   | Place    | Note
--------------------------------------------------------------
     0 | D:1      | PolkaDot, the Vampire Conjurer, began the quest for the Orb.
     0 | D:1      | Reached XP level 1. HP: 13/13 MP: 3/3
   251 | D:1      | Reached XP level 2. HP: 17/19 MP: 1/4
   919 | D:1      | Learned a level 2 spell: Searing Ray
   933 | D:1      | PolkaDot: hi there
   969 | D:2      | Found a burning altar of Makhleb.
   969 | D:2      | Noticed a cacodemon
  1010 | D:2      | Somebody: Hi. I have made a bad discovery — simulacra are LRD-able by the deep troll shamans for a *very* nasty damage.
  1050 | D:2      | Somebody: Took me down by 60 HP in one shot.
  1050 | D:2      | PolkaDot: :o
  1050 | D:2      | PolkaDot: in a bad situation?
  1050 | D:2      | Somebody: No, I am safe and undead again.
  1050 | D:2      | PolkaDot: or have you dealt with it and learnt a good lesson from it?
  1050 | D:2      | PolkaDot: ah
  1050 | D:2      | PolkaDot: goody :D
  1050 | D:2      | Somebody: ...blt it complicates things.
  1050 | D:2      | PolkaDot: because suddenly simul are not always ideal? ^^;;
  1050 | D:2      | PolkaDot: well, not to be nearby, in any case
  1050 | D:2      | Somebody: Yes. I should definitely get Haste and try to keep a few of their own between them and me.
  1050 | D:2      | PolkaDot: sounds like a plan :)
  1078 | D:2      | Somebody: LRD is only range 5 or something like that, in any case.
  1084 | D:2      | PolkaDot: yeah, quite manageable
  1101 | D:2      | Reached XP level 3. HP: 24/24 MP: 1/6
  1579 | D:2      | Somebody: LRD's range is LOS.
  1580 | D:2      | Somebody: I mean, LOF.
  1580 | D:2      | PolkaDot: ... less convenient
  1580 | D:2      | Somebody: I should take care being on the front lines now, I imagine.
  1580 | D:2      | PolkaDot: but manageable
  1580 | D:2      | PolkaDot: yes, much care
  1580 | D:2      | PolkaDot: avoid walls ;p
  1580 | D:2      | PolkaDot:
  1580 | D:2      | PolkaDot: :D
  1597 | D:2      | Reached skill level 4 in Conjurations
  1656 | D:2      | Somebody: :)
  1659 | D:2      | Somebody: I'll get back to my character.
  1661 | D:2      | Somebody: Good find, by the way.
  1661 | D:2      | PolkaDot: oh yes :D
  1661 | D:2      | PolkaDot: enjoy taking revenge on those trolls ;)
  1661 | D:2      | PolkaDot: for the damage one of them did
  1894 | D:2      | Somebody: I'll think of something. :0
  1945 | D:2      | PolkaDot: Yeah, there's always a way
  1945 | D:2      | Somebody: Take care.
  1945 | D:2      | PolkaDot: you too
  1945 | D:2      | PolkaDot: o/
  2206 | D:3      | Noticed Ijyb
  2221 | D:3      | Killed Ijyb
  2221 | D:3      | Reached XP level 4. HP: 18/30 MP: 2/7
  2824 | D:3      | Reached XP level 5. HP: 30/35 MP: 2/9
  3065 | D:3      | Reached skill level 5 in Conjurations
  3521 | D:4      | Learned a level 4 spell: Iskenderun's Mystic Blast
  3586 | D:4      | Found a bloodstained altar of Trog.
  3673 | D:4      | Reached XP level 6. HP: 41/41 MP: 0/11
  4031 | D:4      | Noticed a slave
  4274 | D:4      | Found a basalt altar of Yredelemnul.
  4338 | D:5      | Entered Level 5 of the Dungeon
  4665 | D:5      | Found a basalt altar of Yredelemnul.
  4706 | D:5      | Found a staircase to the Ecumenical Temple.
  4731 | Temple   | Entered the Ecumenical Temple
  4836 | Temple   | Became a worshipper of Sif Muna the Loreminder
  4853 | D:5      | Reached skill level 6 in Conjurations
  4853 | D:5      | Reached XP level 7. HP: 29/46 MP: 2/14
  5127 | D:5      | Noticed Sigmund
  5130 | D:5      | Found a shimmering altar of Xom.
  5138 | D:5      | Found a shimmering altar of Xom.
  5226 | D:5      | Killed Sigmund
  5306 | D:5      | Found a shimmering altar of Xom.
  5307 | D:5      | Found a shimmering altar of Xom.
  5307 | D:5      | Found a shimmering altar of Xom.
  5307 | D:5      | Found a shimmering altar of Xom.
  5353 | D:5      | Acquired Sif Muna's first power
  5353 | D:5      | Reached skill level 7 in Conjurations
  5417 | D:5      | Found a shimmering altar of Xom.
  5424 | D:5      | Found a shimmering altar of Xom.
  5732 | D:6      | Paralysed by a giant eyeball for 2 turns
  5815 | D:6      | Found a glowing golden altar of the Shining One.
  5843 | D:6      | Got a sapphire dagger
  5844 | D:6      | Identified the +4,+7 dagger of Xecishus {venom, SInv Stlth+} (You found it on level 6 of the Dungeon)
  5965 | D:6      | Found an ancient bone altar of Kikubaaqudgha.
  5991 | D:6      | Reached XP level 8. HP: 35/52 MP: 16/16
  6245 | D:6      | You fall through a shaft!
  6372 | D:7      | Found a white marble altar of Elyvilon.
  6471 | D:7      | Reached skill level 8 in Conjurations
  6607 | D:7      | Acquired Sif Muna's second power
  6665 | D:7      | Found Fraisme's Magical Wand Boutique.
  6683 | D:7      | HP: 1/52 [orc priest/divine providence (12)]
  6684 | D:7      | Mangled by an orc warrior

Action                   |  1- 3 |  4- 6 |  7- 9 || total
-------------------------+-------+-------+-------++-------
Melee: Dagger            |    34 |       |    22 ||    56
       Short sword       |     9 |    66 |       ||    75
       Whip              |       |    17 |    23 ||    40
 Cast: Magic Dart        |    52 |    21 |     2 ||    75
       Searing Ray       |    11 |    27 |    30 ||    68
Invok: Channel Energy    |       |       |     5 ||     5
 Abil: End Transformatio |     1 |       |       ||     1
       Bat Form          |     1 |       |       ||     1
Evoke: Wand              |       |       |     1 ||     1
  Use: Potion            |     1 |     1 |     4 ||     6
       Scroll            |       |     5 |     5 ||    10
 Stab: Sleeping          |     1 |     4 |     3 ||     8
